 Dungeon Crawl Stone Soup version 0.30-a0-168-g0b976cbdc4 (webtiles) character file.

Game seed: 516537854859508559

3724 zishaf the Party-goer (level 10, 0/56 HPs)
             Began as a Vine Stalker Brigand on Sept 29, 2022.
             Was a Follower of Uskayaw.
             Slain by a centaur (1 damage)
             ... while paralysed by a hornet
             ... on level 7 of the Dungeon.
             The game lasted 00:11:43 (6950 turns).

zishaf the Party-goer (Vine Stalker Brigand)        Turns: 6950, Time: 00:11:44

Health: 0/56       AC: 12    Str: 20    XL:     10   Next: 14%
Magic:  0/17       EV:  2    Int: 11    God:    Uskayaw [*.....]
Gold:   150        SH:  0    Dex: 17    Spells: 9/9 levels left

rFire   . . .      SeeInvis .    D - +12 lajatang of Satyriasis {vorpal, rElec Str+3}
rCold   . . .      Faith    +    (shield currently unavailable)
rNeg    + + .      Spirit   +    f - +0 ring mail
rPois   .          Reflect  .    (no helmet)
rElec   +          Harm     .    c - +0 cloak
rCorr   .          Rampage  .    p - +0 pair of gloves
Will    +....                    H - +0 pair of boots
Stlth   ++........               F - amulet of faith
HPRegen 0.98/turn                i - ring of Law {rN++ AC+4}
MPRegen 0.15/turn                (no ring)

@: paralysed, lethally poisoned (0 -> -4)
A: fangs 3, regeneration 1, magic shield, antimagic bite, no potion heal 2
a: Renounce Religion, Stomp


You were on level 7 of the Dungeon.
You worshipped Uskayaw.
Uskayaw was aware of your devotion.
You visited 2 branches of the dungeon, and saw 9 of its levels.

You collected 306 gold pieces.
You spent 156 gold pieces at shops.

Inventory:

Hand Weapons
 a - a +2 dagger
 m - the +7 long sword of the Unliving {pain, rC+}
   (You found it on level 4 of the Dungeon)

   In the hands of one skilled in necromantic magic, it inflicts extra damage on
   living creatures.
   rC:        It protects you from cold.
 o - a +4 dagger
 x - a +2 dagger of venom
 D - the +12 lajatang of Satyriasis (weapon) {vorpal, rElec Str+3}
   (You found it on level 7 of the Dungeon)

   It inflicts extra damage upon your enemies.
   Str:       It affects your strength (+3).
   rElec:     It insulates you from electricity.
Missiles
 d - 13 poisoned darts
 e - 3 curare-tipped darts
 j - 10 javelins (quivered)
 E - 2 boomerangs
Armour
 b - a +0 robe
 c - a +0 cloak (worn)
 f - a +0 ring mail (worn)
 p - a +0 pair of gloves (worn)
 H - a +0 pair of boots (worn)
Jewellery
 i - the ring of Law (left hand) {rN++ AC+4}
   (You found it on level 6 of the Dungeon)

   [ring of protection]

   AC:        It affects your AC (+4).
   rN:        It greatly protects you from negative energy.
 n - a ring of ice
 F - an amulet of faith (around neck)
Wands
 k - a wand of digging (4)
 G - a wand of flame (17)
Scrolls
 g - a scroll of enchant armour {unknown}
 h - 3 scrolls of teleportation
 l - a scroll of blinking
 y - a scroll of summoning
 I - a scroll of identify
Potions
 q - a potion of cancellation
 r - 3 potions of flight
 s - 2 potions of brilliance
 t - a potion of magic
 u - a potion of attraction
 v - 3 potions of lignification
 w - a potion of mutation
 z - a potion of ambrosia
 A - 2 potions of might
 B - 2 potions of curing
 C - a potion of invisibility


   Skills:
 + Level 7.9 Fighting
 - Level 3.1(4.8) Short Blades
 - Level 5.5(6.0) Long Blades
 - Level 4.0 Throwing
 - Level 1.0 Dodging
 - Level 5.0 Stealth
 * Level 8.1 Invocations


You had 9 spell levels left.
You didn't know any spells.
Your spell library contained the following spells:

 Spells                   Type           Power      Damage    Failure   Level
 Sting                    Tmut/Pois      0%         1d3       52%         1
 Poisonous Vapours        Pois/Air       0%         N/A       67%         2
 Ignite Poison            Fire/Tmut/Pois 0%         N/A       88%         3
 Olgreb's Toxic Radiance  Pois           0%         N/A       99%         4
 Sticky Flame             Conj/Fire      0%         2d3       99%         4
 Ignition                 Fire           0%         3d3       100%        8


Dungeon Overview and Level Annotations

Branches:
Dungeon (8/15)             Temple (1/1) D:6
   Lair: D:8-11

Altars:
Ashenzari
Cheibriados
Dithmenos
Elyvilon
Fedhas
Hepliaklqana
Kikubaaqudgha
Makhleb
Nemelex Xobeh
Okawaru
Qazlal
Ru
Sif Muna
Trog
Uskayaw
Vehumet
Wu Jian
Xom
Yredelemnul
The Shining One

Shops:
D:4 =   D:5 *   D:7 !


Innate Abilities, Weirdness & Mutations

You have razor-sharp teeth.
Your natural rate of healing is unusually fast.
When hurt, damage is shared between your health and your magic reserves.
Your bite disrupts and absorbs the magic of your enemies.
Potions cannot restore your health.


Message History

The centaur misses you.
The hornet stings you but does no damage.
The centaur hits you but does no damage.
The centaur barely misses you. The hornet closely misses you.
You completely miss the hornet. You bite the hornet. You drain its power.
You feel invigorated.
The hornet is moderately wounded.
The centaur hits you but does no damage.
The centaur kicks you but does no damage.
The hornet stings you!
* * * LOW HITPOINT WARNING * * *
You feel yourself slow down. The centaur closely misses you.
The centaur kicks you.
* * * LOW HITPOINT WARNING * * *
The hornet barely misses you.
You barely miss the hornet.
The hornet is moderately wounded.
The centaur barely misses you.
The centaur kicks you but does no damage.
The hornet closely misses you. The centaur hits you.
* * * LOW HITPOINT WARNING * * *
The centaur kicks you but does no damage.
The hornet closely misses you. The centaur misses you.
The centaur kicks you but does no damage.
The hornet barely misses you.
The centaur hits you but does no damage.
The centaur kicks you.
* * * LOW HITPOINT WARNING * * *
You miss the hornet. Your bite misses the hornet.
The hornet is moderately wounded.
You feel yourself speed up. The hornet completely misses you.
The centaur hits you but does no damage.
The centaur kicks you. The hornet stings you!
* * * LOW HITPOINT WARNING * * *
You are lethally poisoned!
You suddenly lose the ability to move!
The centaur hits you.
* * * LOW HITPOINT WARNING * * *
The centaur kicks you.
You die...

#.#.#.#.#...#....# #
#.#.#.#.#.#.#.##.#####
#.#...................
#.#...................
#.#...................
#.#...................
#.##..................
####.#..yc...............
#....#..@................
#.####...................
#.# #...................
#.# #...................
#.# #...................
#.# #...................
#.# #...................
#.# #...............(...
#.# #...................


You could see a hornet and a centaur.

Vanquished Creatures
  A slime creature (D:7)
  A wyvern (D:8)
  7 yaks (D:7)
  A water moccasin (D:7)
  An orc warrior (D:7)
  2 sky beasts (D:6)
  2 ogres
  3 centaurs
  2 gnoll sergeants
  A bullfrog (D:6)
  A necrophage (D:7)
  6 scorpions
  A wight (D:7)
  5 killer bees (D:7)
  A howler monkey (D:7)
  4 hounds
  A gnoll bouda (D:7)
  A jelly (D:5)
  An orc priest (D:4)
  5 iguanas
  Terence (D:3)
  3 orc wizards
  7 gnolls
  10 adders
  A white imp (D:7)
  A worm (D:2)
  24 orcs
  4 endoplasms
  2 giant cockroaches (D:4)
  6 goblins
  3 hobgoblins
  4 jackals (D:5)
  4 quokkas
  11 ball pythons
  9 bats
  7 frilled lizards
  5 kobolds
  5 rats
154 creatures vanquished.

Vanquished Creatures (others)
  2 fungi (D:4)
2 creatures vanquished.

Grand Total: 156 creatures vanquished

Notes
Turn   | Place    | Note
-------+----------+-------------------------------------------
     0 | D:1      | zishaf the Vine Stalker Brigand began the quest for the
                  | Orb.
     0 | D:1      | Reached XP level 1. HP: 11/11 MP: 2/2
   322 | D:1      | Found a faded altar of an unknown god.
   521 | D:1      | Reached skill level 1 in Dodging
   521 | D:1      | Reached XP level 2. HP: 14/15 MP: 1/3
   528 | D:1      | Reached skill level 5 in Stealth
  1031 | D:2      | Reached XP level 3. HP: 18/18 MP: 4/4
  1428 | D:2      | Gained mutation: Your natural rate of healing is unusually
                  | fast. [Vine Stalker growth]
  1428 | D:2      | Reached XP level 4. HP: 18/23 MP: 3/5
  1599 | D:3      | Noticed Terence
  1600 | D:3      | Killed Terence
  1683 | D:3      | Found a basalt altar of Yredelemnul.
  2083 | D:3      | Reached XP level 5. HP: 14/28 MP: 2/6
  2552 | D:4      | Identified the +7 long sword of the Unliving {pain, rC+}
  2561 | D:4      | Found Ygel's Jewellery Emporium.
  2633 | D:4      | Noticed an ogre
  2642 | D:4      | Killed an ogre
  2643 | D:4      | Reached skill level 1 in Long Blades
  2643 | D:4      | Reached XP level 6. HP: 18/32 MP: 3/7
  3235 | D:4      | Reached XP level 7. HP: 33/37 MP: 6/8
  3498 | D:4      | Reached skill level 5 in Fighting
  3812 | D:5      | Entered Level 5 of the Dungeon
  3855 | D:5      | Gained mutation: You have razor-sharp teeth. [Vine Stalker
                  | growth]
  3855 | D:5      | Reached XP level 8. HP: 43/43 MP: 9/9
  4050 | D:5      | Found Meeh's General Store.
  4550 | D:6      | Identified the ring of Law {rN++ AC+4}
  4589 | D:6      | Found a staircase to the Ecumenical Temple.
  4699 | Temple   | Entered the Ecumenical Temple
  4706 | Temple   | Became a worshipper of Uskayaw the Reveller
  4722 | D:6      | Reached * piety under Uskayaw
  4747 | D:6      | Found a shadowy altar of Dithmenos.
  4758 | D:6      | Reached ** piety under Uskayaw
  4934 | D:6      | Found a shimmering blue altar of Sif Muna.
  4977 | D:6      | Found a broken altar of Ashenzari.
  5099 | D:6      | Reached skill level 1 in Invocations
  5295 | D:6      | Reached skill level 2 in Invocations
  5391 | D:6      | Found a bloodstained altar of Trog.
  5597 | D:7      | Reached *** piety under Uskayaw
  5599 | D:7      | Reached **** piety under Uskayaw
  5602 | D:7      | Reached skill level 5 in Long Blades
  5785 | D:7      | Found Jofrir's Distillery.
  5788 | D:7      | Identified the +12 lajatang of Satyriasis {vorpal, rElec
                  | Str+3}
  5799 | D:7      | Bought a potion of might for 52 gold pieces
  5799 | D:7      | Bought a potion of invisibility for 104 gold pieces
  6041 | D:7      | Noticed a yak
  6041 | D:7      | Noticed a yak
  6041 | D:7      | Noticed a yak
  6053 | D:7      | Noticed a yak
  6054 | D:7      | Killed a yak
  6054 | D:7      | Noticed a yak
  6055 | D:7      | Reached skill level 3 in Invocations
  6055 | D:7      | Killed a yak
  6055 | D:7      | Noticed a yak
  6056 | D:7      | Reached XP level 9. HP: 38/49 MP: 8/12
  6060 | D:7      | Reached ***** piety under Uskayaw
  6062 | D:7      | Reached skill level 4 in Invocations
  6065 | D:7      | Reached ****** piety under Uskayaw
  6073 | D:7      | Reached skill level 5 in Invocations
  6163 | D:7      | Reached skill level 6 in Invocations
  6316 | D:7      | Reached skill level 7 in Invocations
  6565 | D:7      | Reached XP level 10. HP: 55/56 MP: 14/16
  6869 | D:8      | Reached skill level 8 in Invocations
  6934 | D:8      | Noticed a centaur warrior
  6943 | D:8      | Paralysed by a hornet for 1 turns
  6950 | D:7      | HP: 2/56 [hornet (4)]
  6950 | D:7      | Paralysed by a hornet for 3 turns
  6950 | D:7      | Slain by a centaur

Illustrated notes

Levels and vault maps discovered:
D:1:      scummos_arrival_simple_fountains, layout_loops_cross,
          shapermc_ecumenical_altar_totnotflames
D:2:      layout_loops_cross
D:3:      layout_loops_ring, mainiacjoe_overflow_boulevard, minivault_26,
          serial_park_tiny_1, minmay_misc_feat_iff, uniq_terence
D:4:      old_forge, layout_gridville, serial_shops, shop
D:5:      layout_basic, serial_shops, nicolae_take_the_stairs
D:6:      layout_basic, general_overflow_altar, mainiacjoe_overflow_big_doors,
          mainiacjoe_overflow_concentric_impassable, minmay_temple_entry_waves
D:7:      layout_basic, serial_shops, nicolae_shop_stone,
          minmay_shattered_shrine
D:8:      layout_cave_pools, serial_column_ruins, column_ruins_square_small,
          column_ruins_circle_small, column_ruins_grid_3,
          column_ruins_open_large, column_ruins_open_tiny,
          column_ruins_corridor_straight, column_ruins_columns_straight
Temple:   nicolae_temple_no_exploring_needed

Skill      XL: |  1  2  3  4  5  6  7  8  9 10 |
---------------+-------------------------------+-----
Dodging        | 1 |  1.0
Stealth        | 5 |  5.0
Short Blades   | 2 3 |  3.1
Throwing       | 2 3 4 |  4.0
Fighting       | 2 3 4 5 6 7 |  7.9
Long Blades    | 1 2 3 5 |  5.5
Invocations    | 3 7 8 |  8.1

Action                   |  1- 3 |  4- 6 |  7- 9 | 10-12 || total
-------------------------+-------+-------+-------+-------++-------
Melee: Dagger            |    77 |    82 |       |       ||   159
       Bite              |    16 |    27 |    48 |     5 ||    96
       Punch             |     1 |     3 |     1 |       ||     5
       Long sword        |       |    32 |   125 |       ||   157
       Lajatang          |       |       |    68 |    21 ||    89
Throw: Dart              |       |     6 |       |       ||     6
       Javelin           |       |     1 |     1 |       ||     2
  Use: Scroll            |       |    11 |     8 |       ||    19
       Potion            |       |     3 |     1 |       ||     4
 Stab: Sleeping          |    11 |     8 |     5 |       ||    24
       Distracted        |       |       |     1 |       ||     1
       Paralysed         |       |       |     8 |       ||     8
Armor: Ring mail         |    29 |    39 |    93 |    35 ||   196
       Skin              |       |       |    27 |       ||    27
Dodge: Dodged            |    23 |    32 |   138 |    34 ||   227

Table legend: (Time is in decaauts)
 A = Elapsed time spent in this place.
 B = Non-inter-level travel time spent in this place.
 C = Inter-level travel time spent in this place.
 D = Time resting spent in this place.
 E = Time spent auto-exploring this place.
 F = Levels seen in this place.
 G = Mean time per level.
                   A        B        C        D        E       F      G
               +--------+--------+--------+--------+--------+-----+--------+
         Total |   6997 |   6647 |    350 |    240 |   5081 |   9 |  777.4 |
       Dungeon |   6982 |   6638 |    344 |    240 |   5081 |   8 |  872.8 |
        Temple |     14 |      8 |      6 |      0 |      0 |   1 |   14.0 |
               +--------+--------+--------+--------+--------+-----+--------+

Top non-repeatable levels by time:
     D:4: 1306 daAuts
     D:7: 1278 daAuts
     D:6: 1121 daAuts
     D:1: 974 daAuts
     D:3: 913 daAuts
     D:5: 621 daAuts
     D:2: 616 daAuts
     D:8: 148 daAuts
  Temple: 14 daAuts
